 Dungeon Crawl Stone Soup version 0.16.2-12-gd0ad4c3 (webtiles) character file.

39 faibistes the Magician (level 3, -5/19 HPs)
             Began as a Deep Elf Wizard on Mar 16, 2019.
             Killed by divine providence
             ... invoked by an orc priest
              (10 damage)
             ... on level 3 of the Dungeon.
             The game lasted 00:03:12 (1035 turns).

faibistes the Magician (Deep Elf Wizard)            Turns: 1035, Time: 00:03:13

Health: -5/19      AC:  2    Str:  4    XL:     3   Next: 28%
Magic:  3/14       EV: 13    Int: 23    God:
Gold:   62         SH:  0    Dex: 13    Spells: 5 memorised, 1 level left

rFire  . . .     SeeInvis .     e - +0 dagger (curse)
rCold  . . .     Clarity  .     a - +0 robe
rNeg   . . .     SustAb   .     (no shield)
rPois  .         Gourm    .     b - +0 hat
rElec  .         Spirit   .     (no cloak)
rCorr  .         Warding  .     (no gloves)
rMut   .         Stasis   .     (no boots)
MR     .....                    (no amulet)
Stlth  +++.......               (no ring)
                                g - ring of stealth

@: very slightly contaminated, not resistant to hostile enchantments, fairly
stealthy
A: no striking features
a: no special abilities


You were on level 3 of the Dungeon.
You were not hungry.

You visited 1 branch of the dungeon, and saw 4 of its levels.

You collected 62 gold pieces.

Inventory:

Hand weapons
 e - a cursed +0 dagger (weapon)
 h - a +0 dagger of electrocution
Armour
 a - a +0 robe (worn)
 b - a +0 hat (worn)
Jewellery
 g - a ring of stealth (left hand)
 p - a +5 ring of evasion {unknown}
Scrolls
 f - a scroll of identify {unknown}
 k - a scroll of remove curse {unknown}
 l - a scroll of magic mapping {unknown}
 m - a scroll of fear {unknown}
 o - a scroll of enchant weapon {unknown}
Potions
 n - a potion of might {unknown}
Books
 c - a book of Minor Magic

   Spells                             Type                      Level
   a - Magic Dart                     Conjuration                  1
   b - Blink                          Translocation                2
   c - Call Imp                       Summoning                    2
   d - Repel Missiles                 Charms/Air                   2
   e - Slow                           Hexes                        2
   f - Conjure Flame                  Conjuration/Fire             3
   g - Mephitic Cloud                 Conjuration/Poison/Air       3
Comestibles
 d - 2 bread rations
 j - 3 chunks of flesh


   Skills:
 + Level 3.1 Dodging
 - Level 2.4 Stealth
 * Level 5.2 Spellcasting
 * Level 2.0 Conjurations
 - Level 1.1 Summonings
 - Level 1.1 Translocations


You had one spell level left.
You knew the following spells:

 Your Spells              Type           Power        Failure   Level  Hunger
a - Magic Dart            Conj           ###.         4%          1    None
b - Conjure Flame         Conj/Fire      ##......     21%         3    ##.....
c - Call Imp              Summ           ##......     12%         2    None
d - Blink                 Tloc           N/A          12%         2    None
e - Mephitic Cloud        Conj/Pois/Air  #.......     24%         3    ##.....


Dungeon Overview and Level Annotations

Branches:
Dungeon (4/15)
 Temple: D:4-7

Altars:


Message History

The orc wizard appears confused.
Read which item? (? for menu, Esc to quit)
As you read the scroll of teleportation, it crumbles to dust.
You feel strangely unstable. The hobgoblin hits you.
The orc hits you with a dagger of protection.
The orc wizard hits you with a dagger.
The orc wizard hits the orc priest with a dagger.
The hobgoblin completely misses you. The rat closely misses you.
Your surroundings suddenly seem different.
The orc priest seems less confused.
The kobold hits you with a short sword.
A rat comes into view.
The orc priest hits you. The kobold hits you with a short sword.
* * * LOW HITPOINT WARNING * * *
The orc priest hits you but does no damage.
The kobold hits you but does no damage.
The orc priest invokes the aid of Beogh against you.
Something smites you!
Ouch! That really hurt!
You die...

....# .... #.#.#
......# #.#.# ......
#.#.## ...#..
#####....## . #...#
#.........# r
##..###.###.....# #K
#...............#
#.##.....K.@<......#.#
#.......ro......$)...#
###K.....r....<......#
#...................##
#.#................##
..!##..............##
.........>........##
##.############### ...


You could see an orc priest, a quokka, a kobold and a rat.

Vanquished Creatures
  An adder (D:2)
  A bat (D:1)
  2 giant cockroaches
  2 goblins (D:1)
  2 hobgoblins (D:1)
  4 kobolds (D:1)
  2 giant newts (D:2)
  3 rats
17 creatures vanquished.

Vanquished Creatures (collateral kills)
  2 adders (D:2)
  A giant cockroach (D:1)
  A hobgoblin (D:2)
  A kobold (D:1)
  A giant newt (D:1)
6 creatures vanquished.

Grand Total: 23 creatures vanquished

Notes
Turn   | Place    | Note
--------------------------------------------------------------
     0 | D:1      | faibistes, the Deep Elf Wizard, began the quest for the Orb.
     0 | D:1      | Reached XP level 1. HP: 10/10 MP: 6/6
   303 | D:1      | Reached XP level 2. HP: 15/15 MP: 3/9
   358 | D:1      | Learned a level 2 spell: Blink
   361 | D:1      | Learned a level 2 spell: Call Imp
   612 | D:2      | Reached skill level 5 in Spellcasting
   707 | D:2      | Reached XP level 3. HP: 15/19 MP: 6/14
   712 | D:2      | Learned a level 3 spell: Conjure Flame
   716 | D:2      | Learned a level 3 spell: Mephitic Cloud
  1035 | D:3      | Killed from afar by an orc priest

Action                   || total
-------------------------++-------
Melee: Dagger            ||     2
 Cast: Magic Dart        ||    42
       Call Imp          ||     4
       Blink             ||     3
       Mephitic Cloud    ||     2
  Use: Potion            ||     2
       Scroll            ||     2
